[Event "FIDE Grand Swiss 2023"]
[Site "Villa Marina, Douglas, Isle of Man"]
[Date "2023.10.27"]
[Round "3.29"]
[White "Xiong, Jeffery"]
[Black "Yakubboev, Nodirbek"]
[Result "1/2-1/2"]
[WhiteElo "2693"]
[BlackElo "2616"]
[EventDate "2023.10.25"]
[ECO "C47"]
[PlyCount "62"]
[BlackFideId "14203987"]
[TimeControl "40/100 + 20/50 + 15 + 30s/move"]
[WhiteFideId "2047640"]

1.e4 e5 2.Nf3 Nc6 3.Nc3 Nf6 4.d4 exd4 5.Nxd4 Bb4 6.Nxc6 bxc6 7.Bd3 O-O 8.O-O d5 9.Bd2 Bxc3 10.Bxc3 Nxe4 11.Bxe4 dxe4 12.Qh5 Qd5 13.Qe5 Qxe5 14.Bxe5 Bf5 15.Rac1 Rac8 16.Rfd1 f6 17.Bf4 Rfd8 18.Rxd8+ Rxd8 19.Bxc7 Rd7 20.Bf4 Bg4 21.Re1 Bd1 22.Rxe4 Bxc2 23.Re1 Kf7 24.f3 Rd1 25.Rxd1 Bxd1 26.Kf2 Ke6 27.Ke3 Bc2 28.Kd4 g6 29.Bd2 Bb1 30.a3 f5 31.Kc5 Ke5 1/2-1/2

[Event "FIDE Grand Swiss 2023"]
[Site "Villa Marina, Douglas, Isle of Man"]
[Date "2023.10.27"]
[Round "3.30"]
[White "Mendonca, Leon Luke"]
[Black "Fedoseev, Vladimir"]
[Result "0-1"]
[WhiteElo "2622"]
[BlackElo "2691"]
[EventDate "2023.10.25"]
[ECO "E17"]
[PlyCount "96"]
[BlackFideId "24130737"]
[TimeControl "40/100 + 20/50 + 15 + 30s/move"]
[WhiteFideId "35028561"]

1.d4 Nf6 2.c4 e6 3.Nf3 b6 4.g3 Bb7 5.Bg2 Be7 6.O-O O-O 7.Re1 Ne4 8.Nfd2 d5 9.cxd5 exd5 10.Nxe4 dxe4 11.Nc3 f5 12.Bf4 Bd6 13.Qb3+ Kh8 14.Bxd6 Qxd6 15.Nb5 Qd8 16.Rac1 c6 17.Na3 Na6 18.Red1 Qe7 19.Nc4 Rad8 20.e3 Ba8 21.Bf1 Nb4 22.Ne5 c5 23.Bc4 Nd5 24.Rd2 b5 25.Qxb5 cxd4 26.Rxd4 Qxe5 27.Rcd1 Rb8 28.Qa5 Qc7 29.Qxc7 Nxc7 30.Rd7 Rbc8 31.Re7 Bc6 32.b3 Be8 33.Rd6 Rf6 34.Rxf6 gxf6 35.a4 a5 36.Kg2 Bc6 37.Rf7 Nd5 38.Ra7 Ra8 39.Rf7 Re8 40.Kh3 Re5 41.Ra7 Nb4 42.Kh4 Be8 43.Rb7 Bg6 44.Rd7 Rc5 45.Rd8+ Kg7 46.Rg8+ Kh6 47.Rf8 Nd3 48.f4 Ne1 0-1

[Event "FIDE Grand Swiss 2023"]
[Site "Villa Marina, Douglas, Isle of Man"]
[Date "2023.10.27"]
[Round "3.31"]
[White "Suleymanli, Aydin"]
[Black "Navara, David"]
[Result "1/2-1/2"]
[WhiteElo "2588"]
[BlackElo "2689"]
[EventDate "2023.10.25"]
[ECO "B51"]
[PlyCount "65"]
[BlackFideId "309095"]
[TimeControl "40/100 + 20/50 + 15 + 30s/move"]
[WhiteFideId "13413937"]

1.e4 c5 2.Nf3 d6 3.Bb5+ Nd7 4.O-O a6 5.Bd3 Ngf6 6.Re1 e6 7.Bf1 b6 8.d4 cxd4 9.Nxd4 Bb7 10.Nd2 Be7 11.c4 O-O 12.a3 Re8 13.b4 Qc7 14.Bb2 Rac8 15.Rc1 Qb8 16.Qb3 Bf8 17.N4f3 Red8 18.h3 Qc7 19.Qe3 h6 20.Bd4 Ba8 21.e5 dxe5 22.Nxe5 Nxe5 23.Bxe5 Qb7 24.Nb3 a5 25.bxa5 bxa5 26.Nxa5 Qa6 27.Nb3 Qxa3 28.Ra1 Qe7 29.Ra7 Rd7 30.Rea1 Rxa7 31.Rxa7 Qd8 32.Ra2 Nd7 33.Rd2 1/2-1/2

[Event "FIDE Grand Swiss 2023"]
[Site "Villa Marina, Douglas, Isle of Man"]
[Date "2023.10.27"]
[Round "3.32"]
[White "Amin, Bassem"]
[Black "Nguyen, Thai Dai Van"]
[Result "1/2-1/2"]
[WhiteElo "2680"]
[BlackElo "2618"]
[EventDate "2023.10.25"]
[ECO "A14"]
[PlyCount "47"]
[BlackFideId "358878"]
[TimeControl "40/100 + 20/50 + 15 + 30s/move"]
[WhiteFideId "10601457"]

1.Nf3 d5 2.g3 Nf6 3.Bg2 e6 4.O-O Be7 5.c4 O-O 6.b3 b6 7.cxd5 Nxd5 8.d4 Bb7 9.Bb2 Nd7 10.Nbd2 c5 11.a3 a5 12.Rc1 Rc8 13.h4 N5f6 14.a4 cxd4 15.Bxd4 Rxc1 16.Qxc1 Bc5 17.Rd1 Qb8 18.Nc4 Bd5 19.Qb2 Rc8 20.Ne3 Be4 21.Nc4 Bd5 22.Ne3 Be4 23.Nc4 Bd5 24.Ne3 1/2-1/2

[Event "FIDE Grand Swiss 2023"]
[Site "Villa Marina, Douglas, Isle of Man"]
[Date "2023.10.27"]
[Round "3.33"]
[White "Shevchenko, Kirill"]
[Black "Jumabayev, Rinat"]
[Result "0-1"]
[WhiteElo "2671"]
[BlackElo "2585"]
[EventDate "2023.10.25"]
[ECO "A35"]
[PlyCount "51"]
[BlackFideId "13702661"]
[TimeControl "40/100 + 20/50 + 15 + 30s/move"]
[WhiteFideId "14129574"]

1.c4 c5 2.Nf3 Nf6 3.Nc3 Nc6 4.g3 d5 5.cxd5 Nxd5 6.Bg2 g6 7.h4 h6 8.d3 Nxc3 9.bxc3 Bg7 10.O-O Be6 11.Be3 Rc8 12.Bxc5 Bxc3 13.Rc1 Bg7 14.Qa4 O-O 15.Rc2 Qd7 16.Rfc1 Rfd8 17.Kh2 Bg4 18.Be3 e5 19.Qb5 Qe7 20.Qa4 Bd7 21.Rc5 Kh8 22.Qb3 Be6 23.Qb1 f5 24.Rb5 Rc7 25.h5 g5 26.Rxc6 0-1

[Event "FIDE Grand Swiss 2023"]
[Site "Villa Marina, Douglas, Isle of Man"]
[Date "2023.10.27"]
[Round "3.34"]
[White "Lazavik, Denis"]
[Black "Wojtaszek, Radoslaw"]
[Result "0-1"]
[WhiteElo "2560"]
[BlackElo "2668"]
[EventDate "2023.10.25"]
[ECO "E00"]
[PlyCount "68"]
[BlackFideId "1118358"]
[TimeControl "40/100 + 20/50 + 15 + 30s/move"]
[WhiteFideId "13515110"]

1.d4 Nf6 2.c4 e6 3.g3 d5 4.Nf3 Bb4+ 5.Bd2 a5 6.Bg2 O-O 7.Qc1 Be7 8.O-O Nbd7 9.Bf4 c6 10.Rd1 a4 11.Qc2 h6 12.Ne5 Qb6 13.Nxd7 Bxd7 14.c5 Qa7 15.Nc3 Rfc8 16.Rab1 b6 17.cxb6 Qxb6 18.Nxa4 Qa7 19.b3 c5 20.Nxc5 Bxc5 21.dxc5 Rxc5 22.Qd2 Qxa2 23.Rb2 Qa6 24.Bxh6 gxh6 25.Qd4 Qa1 26.Qd2 Qa3 27.Rbb1 Kg7 28.g4 Rac8 29.g5 Ng8 30.Qd4+ Kf8 31.gxh6 Nxh6 32.Ra1 Qxb3 33.Qh8+ Ng8 34.Rd3 Rc3 0-1

[Event "FIDE Grand Swiss 2023"]
[Site "Villa Marina, Douglas, Isle of Man"]
[Date "2023.10.27"]
[Round "3.35"]
[White "Niemann, Hans Moke"]
[Black "Vokhidov, Shamsiddin"]
[Result "1-0"]
[WhiteElo "2667"]
[BlackElo "2578"]
[EventDate "2023.10.25"]
[ECO "C50"]
[PlyCount "201"]
[BlackFideId "14204223"]
[TimeControl "40/100 + 20/50 + 15 + 30s/move"]
[WhiteFideId "2093596"]

1.e4 e5 2.Nf3 Nc6 3.Bc4 Bc5 4.d3 Nf6 5.O-O d6 6.c3 a5 7.Re1 O-O 8.h3 Be6 9.Bb5 Ba7 10.Be3 Bxe3 11.Rxe3 Ne7 12.d4 c6 13.Bf1 Re8 14.Nbd2 Ng6 15.a4 Qc7 16.Qc2 d5 17.Nxe5 Nxe5 18.dxe5 Qxe5 19.Nf3 Qh5 20.e5 Ne4 21.Rae1 Rad8 22.b4 axb4 23.cxb4 Bc8 24.Bd3 h6 25.Bxe4 dxe4 26.Qxe4 Rd5 27.b5 Red8 28.bxc6 bxc6 29.Kh2 Bf5 30.Qf4 Be6 31.Rc1 Bd7 32.Qe4 Bf5 33.Qb4 Qg6 34.Rec3 Be4 35.Nh4 Qh5 36.Qxe4 Rd4 37.Qxc6 Qxh4 38.Rg3 Rxa4 39.e6 Ra7 40.Rc4 Qe7 41.exf7+ Qxf7 42.Rcg4 Kh8 43.Rxg7 Qxg7 44.Rxg7 Kxg7 45.f4 Rad7 46.Qe6 Rd6 47.Qe7+ Kg8 48.g4 R8d7 49.Qe8+ Kg7 50.Kg3 Rd5 51.Qe6 R5d6 52.Qe5+ Kf7 53.Qh8 Re7 54.Kh4 Re3 55.Qh7+ Kf8 56.Qc7 Red3 57.Qb7 Rd7 58.Qe4 R7d6 59.Qe5 Kf7 60.Qh5+ Kf8 61.Qb5 Kf7 62.f5 Kf8 63.Qb4 Kf7 64.Qc4+ Kg7 65.Qe4 Kf7 66.Qc4+ Kg7 67.Qb4 Kf7 68.Qe4 h5 69.Kxh5 Rxh3+ 70.Kg5 Rhd3 71.Qe5 R3d5 72.Qe4 Rd3 73.Qh1 Kg7 74.Qb7+ Rd7 75.Qb8 R3d6 76.Qe8 Rf7 77.Qe5+ Rdf6 78.Kf4 Kh7 79.Qd4 Rf8 80.Ke5 Kg7 81.Qd7+ R8f7 82.Qd2 Re7+ 83.Kf4 Ref7 84.Qc1 Rf8 85.Ke4 Re8+ 86.Kf3 Ref8 87.Qg5+ Kh7 88.Kf4 R8f7 89.Ke5 Rb6 90.Qh4+ Kg7 91.Qg5+ Kh7 92.Qd8 Rfb7 93.Kf4 Rh6 94.Qd3 Rhb6 95.f6+ Kg8 96.Kf5 Kf7 97.Qc4+ Kf8 98.g5 Rb8 99.Kg6 R6b7 100.Kh6 Rf7 101.Qd4 1-0

[Event "FIDE Grand Swiss 2023"]
[Site "Villa Marina, Douglas, Isle of Man"]
[Date "2023.10.27"]
[Round "3.36"]
[White "Kozak, Adam"]
[Black "Anton Guijarro, David"]
[Result "1/2-1/2"]
[WhiteElo "2566"]
[BlackElo "2653"]
[EventDate "2023.10.25"]
[ECO "A04"]
[PlyCount "78"]
[BlackFideId "2285525"]
[TimeControl "40/100 + 20/50 + 15 + 30s/move"]
[WhiteFideId "753246"]

1.Nf3 e6 2.g3 b5 3.e3 a6 4.Bg2 Bb7 5.b3 b4 6.O-O Nf6 7.Bb2 Be7 8.c4 bxc3 9.Nxc3 c5 10.Rc1 O-O 11.Na4 d6 12.d4 cxd4 13.Nxd4 Ra7 14.Bxb7 Rxb7 15.Qe2 Qd7 16.e4 Rc8 17.e5 Nd5 18.exd6 Bxd6 19.Nc3 Nxc3 20.Rxc3 Rxc3 21.Bxc3 Bf8 22.Rd1 Qc8 23.Bb2 Rc7 24.Rd2 Nd7 25.Nc2 Nc5 26.Be5 Rd7 27.Rxd7 Qxd7 28.Bd4 Qb7 29.Bxc5 Bxc5 30.b4 Ba7 31.a4 g6 32.b5 axb5 33.axb5 Bc5 34.Qd3 h5 35.h4 Qb8 36.Kg2 Qa8+ 37.Kg1 Qb8 38.Kg2 Qa8+ 39.Kg1 Qb8 1/2-1/2

[Event "FIDE Grand Swiss 2023"]
[Site "Villa Marina, Douglas, Isle of Man"]
[Date "2023.10.27"]
[Round "3.37"]
[White "Ivanchuk, Vasyl"]
[Black "Mareco, Sandro"]
[Result "1/2-1/2"]
[WhiteElo "2653"]
[BlackElo "2606"]
[EventDate "2023.10.25"]
[ECO "E51"]
[PlyCount "83"]
[BlackFideId "112275"]
[TimeControl "40/100 + 20/50 + 15 + 30s/move"]
[WhiteFideId "14100010"]

1.d4 Nf6 2.c4 e6 3.Nf3 d5 4.Nc3 Bb4 5.e3 O-O 6.a3 Bxc3+ 7.bxc3 c5 8.Bb2 Nc6 9.Be2 dxc4 10.Bxc4 b6 11.Bd3 Bb7 12.e4 Na5 13.Nd2 e5 14.d5 c4 15.Be2 Qc7 16.a4 Rfd8 17.O-O Nd7 18.Ba3 Nc5 19.Rb1 Ba6 20.Qc2 Rac8 21.Rfd1 Qd7 22.Bb4 g6 23.Nf1 h5 24.Ne3 Qxa4 25.Qxa4 Nxa4 26.g4 h4 27.g5 Nb7 28.Ng4 Nbc5 29.f3 Nd7 30.Rdc1 Nac5 31.Bxc5 Nxc5 32.Nxe5 b5 33.Rc2 Rd6 34.Kf2 Rc7 35.Ke3 Rb6 36.Rd2 Bc8 37.d6 Rcb7 38.Rd5 Nd7 39.Ng4 a5 40.f4 a4 41.Rd2 Kg7 42.e5 1/2-1/2

[Event "FIDE Grand Swiss 2023"]
[Site "Villa Marina, Douglas, Isle of Man"]
[Date "2023.10.27"]
[Round "3.38"]
[White "Royal, Shreyas"]
[Black "Bartel, Mateusz"]
[Result "1/2-1/2"]
[WhiteElo "2407"]
[BlackElo "2651"]
[EventDate "2023.10.25"]
[ECO "E00"]
[PlyCount "109"]
[BlackFideId "1112635"]
[TimeControl "40/100 + 20/50 + 15 + 30s/move"]
[WhiteFideId "448869"]

1.d4 Nf6 2.c4 e6 3.Nf3 d5 4.g3 Bb4+ 5.Bd2 Bd6 6.Nc3 c6 7.Qc2 Nbd7 8.e4 dxe4 9.Nxe4 Nxe4 10.Qxe4 Nf6 11.Qc2 O-O 12.Bg2 b5 13.Ne5 bxc4 14.Nxc6 Qb6 15.Ne7+ Bxe7 16.Bxa8 Nd5 17.O-O Qxd4 18.Rad1 Qg4 19.Rfe1 Bc5 20.Qe4 Qh5 21.Bc3 Nxc3 22.bxc3 Bb6 23.Qxc4 Qa5 24.Bc6 Ba6 25.Qa4 Qxc3 26.Qxa6 Qxc6 27.Qd3 h6 28.Rc1 Qa4 29.Qc4 Qxc4 30.Rxc4 Rd8 31.Re2 Kf8 32.a4 Ke7 33.Kg2 Rd5 34.f4 h5 35.Rce4 Ra5 36.Rb2 g6 37.Kf3 Rc5 38.Ke2 Rc3 39.Ra2 Rc5 40.Kd3 Rd5+ 41.Kc4 Kd6 42.Ree2 Ba5 43.Rab2 Rc5+ 44.Kb3 Rd5 45.Ka3 Bb6 46.Red2 Bd4 47.Rbc2 f6 48.Kb3 e5 49.Rc8 Ke6 50.Kc4 Rd6 51.a5 Kf5 52.fxe5 fxe5 53.Re2 Kg4 54.Kd3 Rd5 55.Ra2 1/2-1/2

[Event "FIDE Grand Swiss 2023"]
[Site "Villa Marina, Douglas, Isle of Man"]
[Date "2023.10.27"]
[Round "3.39"]
[White "Harikrishna, Pentala"]
[Black "Karthikeyan, Murali"]
[Result "1/2-1/2"]
[WhiteElo "2716"]
[BlackElo "2611"]
[EventDate "2023.10.25"]
[ECO "E48"]
[PlyCount "61"]
[BlackFideId "5074452"]
[TimeControl "40/100 + 20/50 + 15 + 30s/move"]
[WhiteFideId "5007003"]

1.d4 Nf6 2.c4 e6 3.Nc3 Bb4 4.e3 O-O 5.Bd3 d5 6.cxd5 exd5 7.Ne2 Bd6 8.O-O Re8 9.Ng3 c5 10.dxc5 Bxc5 11.e4 dxe4 12.Ngxe4 Nxe4 13.Nxe4 Be7 14.Nc3 Nc6 15.Bf4 Be6 16.Qf3 Qb6 17.Nb5 Nd4 18.Nxd4 Qxd4 19.b3 g5 20.Bg3 Bf6 21.Bc4 Bxc4 22.bxc4 Kg7 23.Rac1 b6 24.h3 Rac8 25.Qb7 Rxc4 26.Rcd1 Qe4 27.Qxa7 Ra8 28.Qxb6 Rxa2 29.Rde1 Qc6 30.Qxc6 Rxc6 31.Be5 1/2-1/2

[Event "FIDE Grand Swiss 2023"]
[Site "Villa Marina, Douglas, Isle of Man"]
[Date "2023.10.27"]
[Round "3.40"]
[White "Theodorou, Nikolas"]
[Black "Van Foreest, Jorden"]
[Result "1/2-1/2"]
[WhiteElo "2619"]
[BlackElo "2707"]
[EventDate "2023.10.25"]
[ECO "C54"]
[PlyCount "93"]
[BlackFideId "1039784"]
[TimeControl "40/100 + 20/50 + 15 + 30s/move"]
[WhiteFideId "4262875"]

1.e4 e5 2.Nf3 Nc6 3.Bc4 Bc5 4.c3 Nf6 5.d3 d6 6.O-O a5 7.Re1 Ba7 8.h3 h6 9.Na3 g5 10.Nb5 Bb6 11.Be3 Bxe3 12.Rxe3 g4 13.Nh2 h5 14.d4 Bd7 15.h4 Kf8 16.a4 Na7 17.Qb3 Nxb5 18.Bxb5 Be6 19.Bc4 Bxc4 20.Qxc4 Nd7 21.Nf1 Nb6 22.Qb5 Qxh4 23.dxe5 Qg5 24.exd6 Qxb5 25.axb5 cxd6 26.Rd3 Rh6 27.Ne3 Re6 28.Rd4 Rae8 29.f3 gxf3 30.gxf3 a4 31.Kf2 Rf6 32.Nf5 Re5 33.Nxd6 Rxd6 34.Rxd6 Rxb5 35.Kg3 Rxb2 36.Rh6 Rb5 37.e5 Ke7 38.Rxh5 Rb3 39.Rh4 Ke6 40.c4 a3 41.Re1 a2 42.Ra1 Rb2 43.Re4 Rc2 44.c5 Nc4 45.Rxa2 Rxa2 46.Rxc4 Kxe5 47.Rb4 1/2-1/2

[Event "FIDE Grand Swiss 2023"]
[Site "Villa Marina, Douglas, Isle of Man"]
[Date "2023.10.27"]
[Round "3.41"]
[White "Donchenko, Alexander"]
[Black "Akobian, Varuzhan"]
[Result "1-0"]
[WhiteElo "2676"]
[BlackElo "2582"]
[EventDate "2023.10.25"]
[ECO "E00"]
[PlyCount "118"]
[BlackFideId "13300580"]
[TimeControl "40/100 + 20/50 + 15 + 30s/move"]
[WhiteFideId "24603295"]

1.d4 d5 2.c4 e6 3.Nf3 Nf6 4.g3 Bb4+ 5.Bd2 Be7 6.Bg2 O-O 7.O-O Nbd7 8.Qc2 c6 9.Rc1 b6 10.a4 a5 11.cxd5 cxd5 12.Nc3 Ba6 13.Nb5 Rc8 14.Qb3 Ne4 15.Bf4 Bxb5 16.Qxb5 Nd6 17.Qa6 Nb8 18.Rxc8 Nxa6 19.Rxd8 Rxd8 20.Rc1 Rc8 21.Rxc8+ Nxc8 22.Ne5 Bd6 23.e4 Nc7 24.Bd2 f6 25.Nc6 dxe4 26.Bxe4 g6 27.Kf1 Kf7 28.Ke2 Nd5 29.Bd3 Ke8 30.Ba6 Kd7 31.h4 Nce7 32.Nxe7 Kxe7 33.Bc8 Bb4 34.Bc1 h5 35.Ba6 Kf7 36.Bd3 Kg7 37.Be4 Bd6 38.Bf3 Kf7 39.Kd3 Ke7 40.Kc4 Nc7 41.Be4 f5 42.Bc6 f4 43.gxf4 Kf7 44.Be3 Be7 45.d5 exd5+ 46.Bxd5+ Nxd5 47.Kxd5 Bd8 48.Bd4 Bxh4 49.Bxb6 Ke7 50.Ke4 Bf6 51.f5 gxf5+ 52.Kxf5 Bxb2 53.Bxa5 Bd4 54.f3 Be3 55.Bc7 Kd7 56.Bf4 Bf2 57.Kg5 h4 58.Kg4 Kc6 59.Bg5 Kb6 1-0

[Event "FIDE Grand Swiss 2023"]
[Site "Villa Marina, Douglas, Isle of Man"]
[Date "2023.10.27"]
[Round "3.42"]
[White "Iturrizaga Bonelli, Eduardo"]
[Black "Matlakov, Maxim"]
[Result "0-1"]
[WhiteElo "2615"]
[BlackElo "2674"]
[EventDate "2023.10.25"]
[ECO "A28"]
[PlyCount "54"]
[BlackFideId "4168003"]
[TimeControl "40/100 + 20/50 + 15 + 30s/move"]
[WhiteFideId "3901211"]

1.c4 e5 2.Nc3 Nf6 3.Nf3 Nc6 4.d3 d5 5.cxd5 Nxd5 6.g3 Bc5 7.Bg2 O-O 8.O-O h6 9.Bd2 Nf6 10.Qa4 Re8 11.a3 Bb6 12.Rfc1 Nd4 13.Nxd4 exd4 14.Ne4 Bg4 15.Ba5 Nxe4 16.Bxe4 Rxe4 17.dxe4 Bxe2 18.Re1 Bg4 19.Bxb6 axb6 20.Qc4 c5 21.b3 Qf6 22.f4 Rd8 23.Ra2 d3 24.Rd2 Be6 25.Qb5 Qc3 26.Ree2 Bh3 27.Kf2 Rd4 0-1

[Event "FIDE Grand Swiss 2023"]
[Site "Villa Marina, Douglas, Isle of Man"]
[Date "2023.10.27"]
[Round "3.43"]
[White "Bluebaum, Matthias"]
[Black "Sanal, Vahap"]
[Result "1-0"]
[WhiteElo "2668"]
[BlackElo "2603"]
[EventDate "2023.10.25"]
[ECO "A06"]
[PlyCount "35"]
[BlackFideId "6300545"]
[TimeControl "40/100 + 20/50 + 15 + 30s/move"]
[WhiteFideId "24651516"]

1.Nf3 d5 2.e3 Nf6 3.c4 e6 4.Nc3 Be7 5.b3 O-O 6.Bb2 b6 7.cxd5 exd5 8.d4 Bb7 9.Bd3 Nbd7 10.O-O a6 11.Ne2 Bd6 12.Ng3 g6 13.Ne5 Ne4 14.Bxe4 dxe4 15.Qc2 Nf6 16.d5 Bxd5 17.Qc3 h5 18.Nd7 1-0

[Event "FIDE Grand Swiss 2023"]
[Site "Villa Marina, Douglas, Isle of Man"]
[Date "2023.10.27"]
[Round "3.44"]
[White "Petrosyan, Manuel"]
[Black "Santos Latasa, Jaime"]
[Result "1-0"]
[WhiteElo "2604"]
[BlackElo "2650"]
[EventDate "2023.10.25"]
[ECO "B90"]
[PlyCount "103"]
[BlackFideId "2293307"]
[TimeControl "40/100 + 20/50 + 15 + 30s/move"]
[WhiteFideId "13300857"]

1.e4 c5 2.Nf3 d6 3.d4 cxd4 4.Nxd4 Nf6 5.Nc3 a6 6.Bd3 e5 7.Nde2 Be7 8.O-O Be6 9.Ng3 Nbd7 10.Qf3 Bg4 11.Qe3 Be6 12.Qf3 g6 13.h3 h5 14.Rd1 Rc8 15.a4 Kf8 16.a5 Kg7 17.Nf1 Nb8 18.Nd5 Bxd5 19.exd5 Nbd7 20.b4 Nh7 21.c4 f5 22.Be2 Rf8 23.Qa3 Ng5 24.Nd2 Nf7 25.Bb2 Re8 26.Rac1 Kh7 27.Rc2 e4 28.Nb3 Bg5 29.Nd4 e3 30.Ne6 exf2+ 31.Kxf2 Qe7 32.Kg1 Bf6 33.Bf1 Bxb2 34.Qxb2 Ng5 35.Re2 Ne4 36.Qd4 Nf8 37.Nxf8+ Qxf8 38.Ree1 Qg7 39.Qb6 Qc7 40.Bd3 Qxb6+ 41.axb6 Kg7 42.Bxe4 fxe4 43.Rc1 e3 44.c5 Re4 45.c6 Rxb4 46.Rxe3 bxc6 47.Re7+ Kf8 48.Rh7 Kg8 49.Rc7 Rf8 50.b7 cxd5 51.Rf1 Re8 52.Rc8 1-0

[Event "FIDE Grand Swiss 2023"]
[Site "Villa Marina, Douglas, Isle of Man"]
[Date "2023.10.27"]
[Round "3.45"]
[White "Saric, Ivan"]
[Black "Parligras, Mircea-Emilian"]
[Result "1-0"]
[WhiteElo "2647"]
[BlackElo "2561"]
[EventDate "2023.10.25"]
[ECO "C50"]
[PlyCount "123"]
[BlackFideId "1204297"]
[TimeControl "40/100 + 20/50 + 15 + 30s/move"]
[WhiteFideId "14508150"]

1.e4 e5 2.Nf3 Nc6 3.Bc4 Bc5 4.O-O Nf6 5.d3 a6 6.a4 d6 7.c3 Ba7 8.Re1 h6 9.Nbd2 O-O 10.h3 Be6 11.Bxe6 fxe6 12.b4 Nh5 13.Nf1 Nf4 14.Ra2 Qe8 15.Kh2 Qh5 16.Ng1 Qxd1 17.Rxd1 Rad8 18.b5 Ne7 19.Nf3 Neg6 20.d4 exd4 21.cxd4 axb5 22.axb5 Bb6 23.Be3 Ra8 24.Rda1 Rxa2 25.Rxa2 Nd3 26.Rd2 Ndf4 27.Ra2 Nd3 28.Ra3 Nb2 29.N1d2 d5 30.e5 Ne7 31.g4 Nd1 32.Kg3 Nxe3 33.fxe3 c5 34.bxc6 bxc6 35.Nb3 Rb8 36.Ne1 Rb7 37.Ra6 Kf7 38.Nd3 Nc8 39.Ra8 Ne7 40.Nbc5 Ra7 41.Rb8 Bxc5 42.Nxc5 Ra3 43.Kf3 g5 44.Rh8 Kg7 45.Rd8 Ng6 46.Rd7+ Kg8 47.Nxe6 Nh4+ 48.Ke2 Ra2+ 49.Kd3 Ra3+ 50.Ke2 Ra2+ 51.Kd1 Ng2 52.Rg7+ Kh8 53.Rg6 Nxe3+ 54.Kc1 Rc2+ 55.Kb1 Re2 56.Rxh6+ Kg8 57.Nxg5 c5 58.Rg6+ Kh8 59.dxc5 d4 60.Ne4 Kh7 61.Rd6 Nc2 62.Kc1 1-0

[Event "FIDE Grand Swiss 2023"]
[Site "Villa Marina, Douglas, Isle of Man"]
[Date "2023.10.27"]
[Round "3.46"]
[White "Mishra, Abhimanyu"]
[Black "Svane, Rasmus"]
[Result "1/2-1/2"]
[WhiteElo "2592"]
[BlackElo "2646"]
[EventDate "2023.10.25"]
[ECO "C54"]
[PlyCount "89"]
[BlackFideId "4657101"]
[TimeControl "40/100 + 20/50 + 15 + 30s/move"]
[WhiteFideId "30920019"]

1.e4 e5 2.Nf3 Nc6 3.Bc4 Nf6 4.d3 Bc5 5.c3 d6 6.O-O h6 7.Re1 O-O 8.Nbd2 Bb6 9.b4 Ne7 10.Bb3 c6 11.a4 Ng6 12.a5 Bc7 13.d4 Re8 14.dxe5 dxe5 15.Bc4 Bd7 16.Nb3 b6 17.Qc2 Qe7 18.Be3 Ng4 19.Bc1 Nf6 20.h3 Nh5 21.Be3 Qf6 22.Nbd2 Red8 23.Bf1 Be6 24.g3 Qe7 25.Nc4 b5 26.Bc5 Qf6 27.Ncd2 Bd6 28.Bxd6 Rxd6 29.c4 a6 30.Ra3 Rad8 31.Rae3 Qe7 32.Nb3 Nf6 33.Nc5 Bc8 34.Rc3 Nh7 35.Nd3 Bd7 36.Nc5 Bc8 37.Nd3 Bd7 38.cxb5 cxb5 39.Rc7 Qf6 40.Re3 Ng5 41.Nxg5 hxg5 42.Be2 Nf4 43.gxf4 gxf4 44.Rf3 Qg6+ 45.Kf1 1/2-1/2

[Event "FIDE Grand Swiss 2023"]
[Site "Villa Marina, Douglas, Isle of Man"]
[Date "2023.10.27"]
[Round "3.47"]
[White "Mamedov, Rauf"]
[Black "Amar, Elham"]
[Result "1/2-1/2"]
[WhiteElo "2640"]
[BlackElo "2568"]
[EventDate "2023.10.25"]
[ECO "A20"]
[PlyCount "107"]
[BlackFideId "1533533"]
[TimeControl "40/100 + 20/50 + 15 + 30s/move"]
[WhiteFideId "13401653"]

1.c4 e5 2.g3 Nc6 3.Bg2 f5 4.Nc3 Nf6 5.d3 Bb4 6.Nf3 Bxc3+ 7.bxc3 O-O 8.O-O d6 9.c5 d5 10.Qb3 h6 11.Rd1 Qe8 12.Nd2 Qf7 13.Nf1 Rb8 14.f4 e4 15.dxe4 dxe4 16.Qxf7+ Kxf7 17.Ne3 Be6 18.g4 fxg4 19.f5 Bc8 20.c4 Ne7 21.Rf1 Rd8 22.Rb1 Bd7 23.Bb2 Bc6 24.Bc3 h5 25.Nc2 Ba4 26.Nd4 Bd7 27.Rf4 b6 28.Rbf1 Bc6 29.Ne6 Rd7 30.h3 gxh3 31.Bxh3 b5 32.Kh2 bxc4 33.Rg1 Rg8 34.Rff1 Ned5 35.Bd4 c3 36.e3 c2 37.Rf2 Ba4 38.a3 Ng4+ 39.Bxg4 hxg4 40.Kg3 Nf6 41.Rc1 c6 42.Rh2 Rd5 43.Ng5+ Ke7 44.Kf4 g3 45.Bxf6+ gxf6 46.Rh7+ Kd8 47.Ne6+ Kc8 48.Rxa7 Rd1 49.Ra8+ Kb7 50.Rxg8 Rxc1 51.Rg7+ Kb8 52.Rg8+ Kb7 53.Rg7+ Kb8 54.Rg8+ 1/2-1/2

[Event "FIDE Grand Swiss 2023"]
[Site "Villa Marina, Douglas, Isle of Man"]
[Date "2023.10.27"]
[Round "3.48"]
[White "Fier, Alexandr"]
[Black "Yilmaz, Mustafa"]
[Result "0-1"]
[WhiteElo "2574"]
[BlackElo "2640"]
[EventDate "2023.10.25"]
[ECO "E04"]
[PlyCount "100"]
[BlackFideId "6302718"]
[TimeControl "40/100 + 20/50 + 15 + 30s/move"]
[WhiteFideId "2107139"]

1.d4 Nf6 2.c4 e6 3.Nf3 d5 4.g3 dxc4 5.Bg2 c5 6.O-O Nc6 7.Qa4 Bd7 8.Qxc4 b5 9.Qd3 c4 10.Qd1 Rc8 11.Bf4 Be7 12.Nc3 a6 13.a3 Na5 14.e4 Nb3 15.d5 Nxa1 16.d6 Bf8 17.Qxa1 Nh5 18.Be3 Bxd6 19.e5 Bc5 20.g4 Bxe3 21.fxe3 Qb6 22.gxh5 Qxe3+ 23.Kh1 Bc6 24.Re1 Qf4 25.Ne2 Qg4 26.Ned4 Bd5 27.Rg1 Qxh5 28.Qe1 O-O 29.Nd2 Bxg2+ 30.Rxg2 Rfd8 31.N2f3 Qh6 32.Rg4 Rd5 33.Kg2 Re8 34.h4 f6 35.Kg3 fxe5 36.Nxe5 Rf8 37.Nec6 Qf6 38.Qxe6+ Qxe6 39.Nxe6 Rd3+ 40.Kg2 Rd2+ 41.Kg3 Rf7 42.Rd4 Rff2 43.Re4 Rfe2 44.Ne7+ Kf7 45.Ng5+ Ke8 46.Rxe2 Rxe2 47.Nd5 Rxb2 48.Nc7+ Kd8 49.Nxa6 c3 50.Ne6+ Kc8 0-1

[Event "FIDE Grand Swiss 2023"]
[Site "Villa Marina, Douglas, Isle of Man"]
[Date "2023.10.27"]
[Round "3.49"]
[White "Warmerdam, Max"]
[Black "Samunenkov, Ihor"]
[Result "1/2-1/2"]
[WhiteElo "2636"]
[BlackElo "2531"]
[EventDate "2023.10.25"]
[ECO "D45"]
[PlyCount "110"]
[BlackFideId "14187086"]
[TimeControl "40/100 + 20/50 + 15 + 30s/move"]
[WhiteFideId "1048104"]

1.c4 Nf6 2.Nf3 e6 3.Nc3 d5 4.d4 c6 5.e3 Nbd7 6.h3 a6 7.a4 Bd6 8.Bd3 O-O 9.O-O dxc4 10.Bxc4 c5 11.dxc5 Bxc5 12.Qe2 Qc7 13.b3 b6 14.Bb2 Bb7 15.Rac1 Rfd8 16.Rfd1 Nf8 17.Rxd8 Qxd8 18.Bd3 Ng6 19.Ng5 Bd6 20.Nce4 Nxe4 21.Bxe4 Bxe4 22.Nxe4 Be5 23.Bxe5 Nxe5 24.f4 Ng6 25.Rc6 Ne7 26.Rd6 Qc8 27.Rxb6 Nd5 28.Rd6 Qc1+ 29.Kf2 h6 30.Qd2 Qc7 31.f5 Rb8 32.Qd3 Nb4 33.Qc4 Qxc4 34.bxc4 exf5 35.Nd2 Kf8 36.Rd7 Ke8 37.Ra7 Nd3+ 38.Kg3 Nc5 39.Nf3 Nxa4 40.Ne5 Rb6 41.Kf4 Nc5 42.Nxf7 Rf6 43.Nh8 Nd3+ 44.Kg3 g5 45.h4 Ne5 46.c5 Kf8 47.h5 Rc6 48.Ng6+ Nxg6 49.hxg6 Rxg6 50.Kf3 Rc6 51.g4 fxg4+ 52.Kxg4 Rxc5 53.Rxa6 Rc4+ 54.Kf5 Rh4 55.e4 Rf4+ 1/2-1/2

[Event "FIDE Grand Swiss 2023"]
[Site "Villa Marina, Douglas, Isle of Man"]
[Date "2023.10.27"]
[Round "3.50"]
[White "Gledura, Benjamin"]
[Black "Rodrigue-Lemieux, Shawn"]
[Result "0-1"]
[WhiteElo "2633"]
[BlackElo "2488"]
[EventDate "2023.10.25"]
[ECO "E10"]
[PlyCount "68"]
[BlackFideId "2620049"]
[TimeControl "40/100 + 20/50 + 15 + 30s/move"]
[WhiteFideId "712779"]

1.d4 Nf6 2.c4 e6 3.Nf3 d5 4.g3 Be7 5.Bg2 O-O 6.Nc3 dxc4 7.Ne5 Nc6 8.Bxc6 bxc6 9.Nxc6 Qe8 10.Nxe7+ Qxe7 11.Qa4 c5 12.dxc5 Qxc5 13.Be3 Qc7 14.f3 a5 15.O-O-O Rb8 16.Rd2 Rb4 17.Qc2 Re8 18.Rhd1 h6 19.Kb1 Bd7 20.Ka1 Nd5 21.Bd4 Nxc3 22.Qxc3 e5 23.Be3 Ba4 24.Rc1 Qc6 25.f4 Qe4 26.Bc5 Rb7 27.fxe5 Rxe5 28.Bd4 Rd5 29.Qxc4 Rb4 30.Qc8+ Kh7 31.e3 f6 32.Qc7 Bd7 33.Qf4 Qe6 34.Rc7 Rf5 0-1

[Event "FIDE Grand Swiss 2023"]
[Site "Villa Marina, Douglas, Isle of Man"]
[Date "2023.10.27"]
[Round "3.51"]
[White "Sargsyan, Shant"]
[Black "Wu, Li"]
[Result "1-0"]
[WhiteElo "2631"]
[BlackElo "2303"]
[EventDate "2023.10.25"]
[ECO "C42"]
[PlyCount "49"]
[BlackFideId "411086"]
[TimeControl "40/100 + 20/50 + 15 + 30s/move"]
[WhiteFideId "13306766"]

1.e4 e5 2.Nf3 Nf6 3.Nxe5 d6 4.Nf3 Nxe4 5.d4 d5 6.Bd3 Bf5 7.O-O Be7 8.Re1 O-O 9.Nbd2 Nd6 10.Nf1 Bxd3 11.Qxd3 c6 12.Bf4 Na6 13.h4 Nc7 14.Ng5 Bxg5 15.Bxg5 f6 16.Bf4 Qd7 17.Ng3 Rae8 18.Bxd6 Qxd6 19.Nf5 Qd7 20.Qh3 Re6 21.h5 Rfe8 22.Re3 Qd8 23.Qg4 Qd7 24.Rg3 Re1+ 25.Kh2 1-0